 Dungeon Crawl Stone Soup version 0.29-a0-344-ge2f44be95a (webtiles) character file.

Game seed: 9095600878673752247

152 ders the Magician (level 5, -3/35 HPs)
             Began as a Djinni Conjurer on Apr 21, 2022.
             Killed by divine providence
             ... invoked by an orc priest
              (9 damage)
             ... on level 4 of the Dungeon.
             The game lasted 00:03:23 (3722 turns).

ders the Magician (Djinni Conjurer)                 Turns: 3722, Time: 00:03:23

Health: -3/35      AC:  3    Str:  6    XL:     5   Next: 60%
Gold:   99         EV: 12    Int: 21    God:
                   SH:  0    Dex: 12

rFire   + + .      SeeInvis .   (no weapon)
rCold   x . .      Faith    .   (no shield)
rNeg    . . .      Spirit   .   a - +0 robe
rPois   ∞          Reflect  .   (no helmet)
rElec   .          Harm     .   o - +0 cloak
rCorr   .          Rampage  .   (no gloves)
Will    .....                   (boots unavailable)
Stlth   ++........              (no amulet)
HPRegen 0.11/turn               (no ring)
MPRegen 0.00/turn               (no ring)

@: flying
A: sickness immunity, fire resistance 2, cold vulnerability 1, float, innate
caster, HP casting, extra vitality 1
a: no special abilities


You were on level 4 of the Dungeon.
You visited 1 branch of the dungeon, and saw 4 of its levels.

You collected 99 gold pieces.

Inventory:

Missiles
 i - 35 stones
Armour
 a - a +0 robe (worn)
 c - a +0 plate armour
 o - a +0 cloak (worn)
Jewellery
 l - a ring of wizardry
 p - a ring of see invisible
Scrolls
 d - a scroll of fog {unknown}
 e - a scroll of identify {unknown}
 g - a scroll of enchant weapon {unknown}
 h - a scroll of amnesia {unknown}
Potions
 b - a potion of magic {unknown}
 f - 3 potions of brilliance {unknown}
 j - a potion of berserk rage {unknown}
 k - a potion of mutation {unknown}
 m - 2 potions of resistance {unknown}
 n - a potion of haste {unknown}
 q - a potion of curing {unknown}
 r - a potion of lignification {unknown}
 s - a potion of heal wounds {unknown}
 t - a potion of attraction {unknown}


   Skills:
 - Level 2.1 Dodging
 - Level 1.5 Stealth
 + Level 5.1 Spellcasting


You couldn't memorise any spells.
You knew the following spells:

 Your Spells              Type           Power      Damage    Failure   Level
a - Magic Dart            Conj           100%       1d8       1%          1
b - Sandblast             Erth           52%        2d12      1%          1
c - Dazzling Flash        Conj/Hex       52%        N/A       4%          3
d - Fulminant Prism       Conj/Hex       13%        3d9       13%         4
e - Iskenderun's Mystic   Conj/Tloc      26%        2d7       13%         4
f - Searing Ray           Conj           52%        2d6       1%          2
g - Scorch                Fire           52%        2d8       1%          2
Your spell library was empty.

Dungeon Overview and Level Annotations

Branches:
Dungeon (3/15)

Altars:


Innate Abilities, Weirdness & Mutations

You are immune to sickness and miasma.
You are immune to poison.
Your flesh is very heat resistant. (rF++)
You are vulnerable to cold. (rC-)
You float through the air rather than walking.
You learn spells naturally, not from books.
Your magical power is your life essence.
You have superior vitality. (+4 MHP)


Message History

Confirm with . or Enter, or press ? or * to list all spells.
Aiming: Sandblast (safe; 1% risk of failure)
Press: ? - help, Shift-Dir - straight line, f/p - orc priest
Aim: an orc priest, wielding a +0 hand axe and wearing a +0 ring mail (heavily wounded, 83% to hit)
The blast of sand hits the orc priest but does no damage.
The orc priest is heavily wounded.
i - 38 stones The orc priest misses you.
The orc hits you with a +0 whip.
Casting: Sandblast (safe; 1% risk of failure)
Confirm with . or Enter, or press ? or * to list all spells.
Aiming: Sandblast (safe; 1% risk of failure)
Press: ? - help, Shift-Dir - straight line, f/p - orc priest
Aim: an orc priest, wielding a +0 hand axe and wearing a +0 ring mail (heavily wounded, 83% to hit)
The blast of sand misses the orc priest.
i - 37 stones
* * * LOW HITPOINT WARNING * * *
The orc priest barely misses you. The orc hits you with a +0 whip.
* * * LOW HITPOINT WARNING * * *
Casting: Sandblast (safe; 1% risk of failure)
Confirm with . or Enter, or press ? or * to list all spells.
Aiming: Sandblast (safe; 1% risk of failure)
Press: ? - help, Shift-Dir - straight line, f/p - orc priest
Aim: an orc priest, wielding a +0 hand axe and wearing a +0 ring mail (heavily wounded, 83% to hit)
The blast of sand hits the orc priest.
The orc priest is almost dead.
i - 36 stones
* * * LOW HITPOINT WARNING * * *
The orc priest barely misses you. The orc hits you with a +0 whip.
* * * LOW HITPOINT WARNING * * *
Casting: Sandblast (safe; 1% risk of failure)
Confirm with . or Enter, or press ? or * to list all spells.
Aiming: Sandblast (safe; 1% risk of failure)
Press: ? - help, Shift-Dir - straight line, f/p - orc priest
Aim: an orc priest, wielding a +0 hand axe and wearing a +0 ring mail (almost dead, 83% to hit)
The blast of sand misses the orc priest.
i - 35 stones
* * * LOW HITPOINT WARNING * * *
The orc priest mumbles some strange prayers to Beogh against you.
Beogh smites you!
You die...

####..[.
#......#
#......#
#......#
+......#
#......#
#..).).#
#....o@#
#.....o#
########


You could see an orc priest and an orc.

Vanquished Creatures
  An orc priest (D:3)
  4 adders (D:2)
  3 worms (D:2)
  2 dart slugs
  5 orcs
  4 ball pythons
  4 bats
  6 endoplasms
  9 goblins
  8 hobgoblins
  5 quokkas
  2 frilled lizards
  7 kobolds
  3 rats
63 creatures vanquished.

Notes
Turn   | Place    | Note
-------+----------+-------------------------------------------
     0 | D:1      | ders the Djinni Conjurer began the quest for the Orb.
     0 | D:1      | Reached XP level 1. HP: 15/15 MP: 0/0
   127 | D:1      | Reached XP level 2. HP: 15/21 MP: 0/0
   729 | D:1      | Reached XP level 3. HP: 23/25 MP: 0/0
   729 | D:1      | Learned a level 1 spell: Sandblast
  1033 | D:1      | Reached skill level 4 in Spellcasting
  1503 | D:2      | Reached XP level 4. HP: 26/31 MP: 0/0
  2663 | D:2      | Reached XP level 5. HP: 31/35 MP: 0/0
  2663 | D:2      | Learned a level 2 spell: Scorch
  3218 | D:3      | Reached skill level 5 in Spellcasting
  3714 | D:3      | You are sucked into a shaft and drop 1 floor!
  3722 | D:4      | Killed from afar by an orc priest

Illustrated notes

Levels and vault maps discovered:
D:1:      tarquinn_simple_flora_water_c, layout_loops_ring
D:2:      minmay_razor_zed, layout_basic
D:3:      layout_basic, nicolae_overflow_ecumenical_swirl,
          basic_ecumenical_altar, ebering_ghost_inner_flame,
          chequers_serial_rivers_room_a, uniq_ijyb
D:4:      layout_gridville, serial_shops, nicolae_shop_crystal, shop

Skill      XL: |  1  2  3  4  5 |
---------------+----------------+-----
Spellcasting   | 4 5 |  5.1
Dodging        | |  2.1
Stealth        | |  1.5

Action                   |  1- 3 |  4- 6 || total
-------------------------+-------+-------++-------
 Cast: Magic Dart        |    59 |    66 ||   125
       Sandblast         |     1 |    16 ||    17
Armor: Robe              |       |     4 ||     4
Dodge: Dodged            |     1 |    13 ||    14

Table legend: (Time is in decaauts)
 A = Elapsed time spent in this place.
 B = Non-inter-level travel time spent in this place.
 C = Inter-level travel time spent in this place.
 D = Time resting spent in this place.
 E = Time spent auto-exploring this place.
 F = Levels seen in this place.
 G = Mean time per level.
                   A        B        C        D        E       F      G
               +--------+--------+--------+--------+--------+-----+--------+
         Total |   3722 |   3565 |    157 |    154 |   3094 |   4 |  930.5 |
       Dungeon |   3722 |   3565 |    157 |    154 |   3094 |   4 |  930.5 |
               +--------+--------+--------+--------+--------+-----+--------+

Top non-repeatable levels by time:
     D:2: 1767 daAuts
     D:1: 1323 daAuts
     D:3: 624 daAuts
     D:4: 7 daAuts
